 Dungeon Crawl Stone Soup version 0.31-a0-237-g2d982f9f85 (webtiles) character file.

Game seed: 10891019431257446440

20 qw the Shooter (level 2, 0/17 HPs)
             Began as a Gargoyle Hexslinger on July 11, 2023.
             Slain by a gnoll
             ... wielding a +0 flail
              (5 damage)
             ... on level 2 of the Dungeon.
             The game lasted 00:00:13 (496 turns).

qw the Shooter (Gargoyle Hexslinger)                 Turns: 496, Time: 00:00:13

Health: 0/17       AC: 10    Str: 11    XL:     2   Next: 79%
Magic:  3/3        EV:  7    Int: 13    God:
Gold:   8          SH:  0    Dex: 12    Spells: 2/3 levels left

rFire   . . .        Y - +1 sling
rCold   . . .        (no shield)
rNeg    + . .        d - +0 ring mail
rPois   inf          (no helmet)
rElec   +            (no cloak)
rCorr   .            (no gloves)
SInv    .            h - +2 pair of boots
Will    .....        (no amulet)
Stlth   +            (no ring)
HPRegen 0.22/turn    (no ring)
MPRegen 0.08/turn

%: no passive effects
@: constricted
A: sickness immunity, AC +2, negative energy resistance 1, electricity
resistance, torment resistance 1, petrification resistance
a: no special abilities


You were on level 2 of the Dungeon.
You visited 1 branch of the dungeon, and saw 2 of its levels.

You collected 8 gold pieces.


Innate Abilities, Weirdness & Mutations

You are immune to sickness and miasma.
Your stone body is resilient. (AC +2)
You are immune to poison.
You resist negative energy. (rN+)
You are resistant to electric shocks. (rElec)
You are resistant to unholy torment.
You are immune to petrification.


   Skills:
 + Level 1.7 Fighting
 - Level 3.0 Ranged Weapons
 - Level 1.5 Dodging
 - Level 1.0 Spellcasting
 - Level 2.6 Hexes


You had 2 spell levels left.
You knew the following spells:

 Your Spells              Type           Power      Damage    Failure   Level
a - Slow                  Hex            28%        N/A       22%         1

Your spell library contained the following spells:

 Spells                   Type           Power      Damage    Failure   Level
 Inner Flame              Hex/Fire       4%         N/A       75%         3
 Portal Projectile        Hex/Tloc       8%         N/A       75%         3
 Cause Fear               Hex            3%         N/A       92%         4

Inventory:

Hand Weapons
 Y - a +1 sling (weapon)
Armour
 d - a +0 ring mail (worn)
 h - a +2 pair of boots (worn)
Scrolls
 g - a scroll of identify
Potions
 f - a potion of enlightenment {unknown}

Dungeon Overview and Level Annotations

Branches:
Dungeon (2/15)

Altars:
Okawaru

Shops:
D:1 =


Message History

A gnoll comes into view. It is wielding a +0 flail.
The gnoll shouts!
You shoot a sling bullet.
The sling bullet barely misses the gnoll.
You hear an angry hiss.
You shoot a sling bullet. The sling bullet hits the gnoll!
The gnoll is heavily wounded.
A gnoll comes into view. It is wielding a +0 flail.
You shoot a sling bullet. The sling bullet hits the gnoll.
The gnoll is moderately wounded.
You hear an angry hiss.
A ball python comes into view.
You shoot a sling bullet. The sling bullet hits the gnoll.
The gnoll is severely wounded.
You shoot a sling bullet.
The sling bullet closely misses the gnoll.
The sling bullet completely misses the gnoll.
The gnoll hits you from afar with a +0 spear.
A giant cockroach comes into view.
You shoot a sling bullet. The sling bullet hits the gnoll.
The gnoll is heavily wounded.
You shoot a sling bullet.
The sling bullet barely misses the gnoll.
The sling bullet hits the gnoll.
The gnoll is moderately wounded.
The gnoll hits you with a +0 flail.
You shoot a sling bullet.
The sling bullet closely misses the gnoll.
The sling bullet closely misses the ball python.
The gnoll hits you but does no damage. The gnoll hits you with a +0 flail!
The gnoll barely misses you. The gnoll hits you but does no damage.
The gnoll closely misses you. The gnoll hits you with a +0 flail.
You shoot a sling bullet.
The sling bullet closely misses the gnoll.
The sling bullet hits the gnoll.
The gnoll is heavily wounded.
The ball python barely misses you. The ball python grabs you.
The ball python constricts you. The gnoll barely misses you.
The gnoll hits you with a +0 flail.
You die...

......####.....
......#$.....?#
......#.......#
......+.......# ..
..............##.### ###
..............+.?.. ..#
....._gB....?.##.# #.#
.....gg@.###.....# #.#
.....gS..........#####.#
.....###.###............
.... #.###.#...#####.#
... #.#.......#...... ..
#.###.#.#.##.##.# .
#.......#.##.##.#
#######.#.##.##.#
#.#.##.##.#


You could see 4 gnolls, a giant cockroach and a ball python.

Vanquished Creatures
  A dart slug (D:1)
  A bat (D:1)
  2 endoplasms (D:1)
  A giant cockroach (D:1)
  A goblin (D:1)
  3 hobgoblins (D:1)
  3 quokkas
  A kobold (D:1)
  2 rats (D:1)
15 creatures vanquished.

Notes
Turn   | Place    | Note
-------+----------+-------------------------------------------
     0 | D:1      | qw the Gargoyle Hexslinger began the quest for the Orb.
     0 | D:1      | Reached XP level 1. HP: 12/12 MP: 2/2
     0 | D:1      | 0 ||| qw: Version: 0.3-a-52-g30416fa
     0 | D:1      | 0 ||| qw: Game counter: 5628
     0 | D:1      | 0 ||| qw: Melee chars always use a shield: true
     0 | D:1      | 0 ||| qw: God list: Okawaru
     0 | D:1      | 0 ||| qw: Allow faded altars: false
     0 | D:1      | 0 ||| qw: Do Orc after clearing Dungeon:15 true
     0 | D:1      | 0 ||| qw: Do second Lair branch before Depths: true
     0 | D:1      | 0 ||| qw: Lair rune preference: random
     0 | D:1      | 0 ||| qw: Goals: Normal
     0 | D:1      | 0 ||| PLANNING D:1-11
   121 | D:1      | Reached XP level 2. HP: 16/16 MP: 3/3
   153 | D:1      | Reached skill level 3 in Ranged Weapons
   175 | D:1      | Found Awnic's One-of-a-Kind Rings.
   181 | D:1      | 181 ||| SHOPLISTING +7 ring of evasion (726 gold, have 8).
   181 | D:1      | 181 ||| SHOPLISTING +9 ring of strength (858 gold, have 8).
   181 | D:1      | 181 ||| SHOPLISTING ring "Jorgh" {rF+ rCorr Int+3} (482
                  | gold, have 8).
   181 | D:1      | 181 ||| SHOPLISTING ring "Lian" {Contam Fly rC+ Str+2
                  | Slay+5} (562 gold, have 8).
   181 | D:1      | 181 ||| SHOPLISTING ring "Zeleum" {Wiz Int+5 Slay+3} (661
                  | gold, have 8).
   181 | D:1      | 181 ||| SHOPLISTING ring of the Furies {rElec rF- Will+
                  | rCorr Int-2} (367 gold, have 8).
   389 | D:1      | 389 ||| UPGRADING to +0 ring mail.
   399 | D:1      | 399 ||| DROPPING +0 robe.
   400 | D:1      | 400 ||| UPGRADING to +2 pair of boots.
   405 | D:1      | 405 ||| READING scroll labelled QAOCROXTONK.
   406 | D:1      | 406 ||| READING 2 scrolls labelled PIAPLETOEFAR.
   407 | D:1      | 407 ||| READING scroll labelled QEDATIUTIUPN.
   408 | D:1      | 408 ||| DROPPING scroll of poison.
   482 | D:2      | Found an iron altar of Okawaru.
   483 | D:2      | 483 ||| PLANNING OKAWARU WORSHIP
   495 | D:2      | HP: 4/17 [gnoll/+0 flail (2)]
   496 | D:2      | Slain by a gnoll

Levels and vault maps discovered:
D:1:      heliophobic_arrival_henge, layout_rooms, nicolae_shop_unique_rings,
          nrook_mini_vaults
D:2:      layout_basic, basic_altar

Skill      XL: |  1  2 |
---------------+-------+-----
Ranged Weapons | 3 |  3.0
Fighting       | |  1.7
Dodging        | |  1.5
Spellcasting   | |  1.0
Hexes          | |  2.6

Action                     || total
---------------------------++-------
   Fire: Sling             ||    44
    Use: Scroll            ||     3
 Armour: Robe              ||     3
         Ring mail         ||     2
  Dodge: Dodged            ||     9

Table legend:
 A = Non-vault XP
 B = Vault XP
 C = Vault XP percentage of total XP
 D = Non-vault monster count
 E = Vault monster count
 F = Vault count percentage of total count
                 A         B        C        D         E       F
            +---------+---------+-------+---------+---------+-------
      Total |      29 |       0 |   0.0 |      15 |       0 |   0.0
            +---------+---------+-------+---------+---------+-------
        D:1 |      27 |       0 |   0.0 |      14 |       0 |   0.0
        D:2 |       2 |       0 |   0.0 |       1 |       0 |   0.0
            +---------+---------+-------+---------+---------+-------
